 Dungeon Crawl Stone Soup version 0.30-a0-458-g86641cc369 (webtiles) character file.

Game seed: 13298537680279614624

13175 HoaS the Marksgargoyle (level 12, -3/62 HPs)
             Began as a Gargoyle Hunter on Dec 14, 2022.
             Was a Believer of Makhleb.
             Slain by a spectral orc knight
             ... wielding a +2 great sword
             ... summoned by Nergalle
              (13 damage)
             ... on level 3 of the Lair of Beasts.
             The game lasted 00:22:58 (9898 turns).

HoaS the Marksgargoyle (Gargoyle Hunter)            Turns: 9898, Time: 00:22:59

Health: -3/62      AC: 19    Str: 17    XL:     12   Next: 3%
Magic:  12/12      EV: 12    Int:  9    God:    Makhleb [**....]
Gold:   793        SH:  0    Dex: 23    Spells: 11/11 levels left

rFire   . . .      SeeInvis .    l - +3 longbow (elec)
rCold   + . .      Faith    .    (shield currently unavailable)
rNeg    + . .      Spirit   .    y - +0 steam dragon scales
rPois   ∞          Reflect  .    e - +1 helmet
rElec   +          Harm     .    u - +0 cloak
rCorr   .          Rampage  .    k - +1 pair of gloves
Will    .....                    o - +0 pair of boots
Stlth   ++........               (no amulet)
HPRegen 0.30/turn                f - +4 ring of slaying
MPRegen 0.13/turn                v - ring of Bevias Nism {rC+ Dex+6}

@: mighty
A: sickness immunity, AC +8, negative energy resistance 1, electricity
resistance, torment resistance 1, petrification resistance
a: Renounce Religion, Minor Destruction


You were on level 3 of the Lair of Beasts.
You worshipped Makhleb.
Makhleb was pleased with you.
You visited 3 branches of the dungeon, and saw 13 of its levels.

You collected 793 gold pieces.

Inventory:

Hand Weapons
 l - a +3 longbow of electrocution (weapon)
Missiles
 C - 3 throwing nets
Armour
 e - a +1 helmet (worn)
 k - a +1 pair of gloves (worn)
 o - a +0 pair of boots (worn)
 u - a +0 cloak (worn)
 y - +0 steam dragon scales (worn)
Jewellery
 f - a +4 ring of slaying (left hand)
 v - the ring of Bevias Nism (right hand) {rC+ Dex+6}
   (You acquired it on level 1 of the Lair of Beasts)

   [ring of dexterity]

   Dex:       It affects your dexterity (+6).
   rC:        It protects you from cold.
Wands
 c - a wand of flame (23)
 i - a wand of polymorph (5)
 p - a wand of roots (9)
 w - a wand of acid (11)
 x - a wand of digging (11)
 z - a wand of charming (19)
Scrolls
 a - 3 scrolls of fog
 b - 4 scrolls of immolation
 m - 2 scrolls of poison
 q - 2 scrolls of magic mapping
 s - 5 scrolls of teleportation
 t - 6 scrolls of identify
 E - a scroll of blinking
Potions
 g - a potion of haste
 h - 3 potions of attraction
 j - a potion of berserk rage
 n - 5 potions of curing
 r - 2 potions of cancellation
 A - 2 potions of flight
 B - 2 potions of heal wounds
 F - a potion of mutation
 H - a potion of lignification


   Skills:
 - Level 2.1 Fighting
 * Level 18.8 Ranged Weapons
 - Level 1.5 Dodging
 - Level 1.1 Stealth


You had 11 spell levels left.
You didn't know any spells.
Your spell library contained the following spells:

 Spells                   Type           Power      Damage    Failure   Level
 Kiss of Death            Conj/Necr      0%         2d5       38%         1
 Poisonous Vapours        Pois/Air       0%         N/A       52%         2
 Static Discharge         Conj/Air       0%         2-2/arc   52%         2
 Confusing Touch          Hex            0%         N/A       77%         3
 Mephitic Cloud           Conj/Pois/Air  0%         N/A       77%         3
 Vhi's Electric Charge    Tloc/Air       0%         N/A       77%         3
 Dispel Undead            Necr           0%         3d6       99%         4
 Arcjolt                  Conj/Air       0%         1d10      100%        5
 Fireball                 Conj/Fire      0%         3d3       100%        5
 Iskenderun's Battlesphe  Conj           0%         2d6       100%        5
 Lightning Bolt           Conj/Air       0%         1d11      100%        5
 Conjure Ball Lightning   Conj/Air       0%         3x3d6     100%        6
 Iron Shot                Conj/Erth      0%         9d1       100%        6
 Orb of Destruction       Conj           0%         9d5       100%        7
 Spellforged Servitor     Conj/Summ      0%         N/A       100%        7
 Cigotuvi's Dreadful Rot  Necr/Pois/Air  Unusable   N/A       N/A         2

Dungeon Overview and Level Annotations

Branches:
Dungeon (9/15)             Temple (1/1) D:5            Lair (3/5) D:8
 Shoals (0/4) Lair:3       Spider (0/4) Lair:2
    Orc: D:9-12

Altars:
Ashenzari
Cheibriados
Dithmenos
Elyvilon
Fedhas
Gozag
Kikubaaqudgha
Makhleb
Nemelex Xobeh
Okawaru
Ru
Sif Muna
Trog
Vehumet
Wu Jian
Xom
Yredelemnul
The Shining One

Shops:
D:4 =

Annotations:
Lair:1 1 runed translucent door, Torious's ghost, journeyman DECj
Lair:3 Nergalle


Innate Abilities, Weirdness & Mutations

You are immune to sickness and miasma.
Your stone body is resilient. (AC +8)
You are immune to poison.
You resist negative energy. (rN+)
You are resistant to electric shocks. (rElec)
You are resistant to unholy torment.
You are immune to petrification.


Message History

The spectral orc warrior hits you from afar with a +0 glaive!
Fire: l) +3 longbow (elec)
Press: ? - help, Q - select action, (/) - cycle Shift-Dir - straight line, f/p - Nergalle
Aim: Nergalle, wielding a +5 dagger of venom and wearing a +0 robe (lightly wounded, 73% to hit)
You shoot an arrow.
The arrow barely misses the spectral orc knight.
The arrow barely misses Nergalle.
The spectral orc warrior barely misses you.
The spectral orc hits you but does no damage.
The spectral orc knight barely misses you.
The spectral orc warrior completely misses you.
The spectral orc knight hits you with a +2 great sword.
Fire: l) +3 longbow (elec)
Press: ? - help, Q - select action, (/) - cycle Shift-Dir - straight line, f - spectral orc knight
Aim: a spectral orc knight, wielding a +0 long sword and wearing a +0 plate armour of fire resistance (summoned, 86% to hit)
You shoot an arrow.
The arrow barely misses the spectral orc knight.
The spectral orc warrior hits you with a +0 long sword.
The spectral orc hits you but does no damage.
Fire: l) +3 longbow (elec)
Press: ? - help, Q - select action, (/) - cycle Shift-Dir - straight line, f/p - spectral orc knight
Aim: a spectral orc knight, wielding a +0 long sword and wearing a +0 plate armour of fire resistance (summoned, 86% to hit)
You shoot an arrow.
The arrow hits the spectral orc knight!!
Lightning courses through the spectral orc knight!
The spectral orc knight is severely damaged.
The spectral orc knight hits you with a +0 long sword.
The spectral orc knight closely misses you.
The spectral orc warrior hits you from afar with a +0 glaive.
* * * LOW HITPOINT WARNING * * *
The spectral orc warrior hits you but does no damage.
The spectral orc barely misses you.
Fire: l) +3 longbow (elec)
Press: ? - help, Q - select action, (/) - cycle Shift-Dir - straight line, f/p - spectral orc knight
Aim: a spectral orc knight, wielding a +0 long sword and wearing a +0 plate armour of fire resistance (severely damaged, summoned, 86% to hit)
You shoot an arrow. The arrow hits the spectral orc knight!
The spectral orc knight is almost destroyed.
The spectral orc knight hits you but does no damage.
The spectral orc knight hits you with a +2 great sword!
You die...

. .. #.. #.... ##..###
..###...oZ### . ~
..~...Z@.# ##
~~~~.#~.##.ZZ########
..##~.#~##~P#Z....##...#
#.#~..~#...#.....###.##
#.~..>.~..............#
#..~~..#~......#....#P#
#~.~~##~...#####.####
####.~~~#~#.># ###
#.~.~..~~.#..#


You could see Nergalle, a spectral orc (summoned), 2 spectral orc warriors and 2
spectral orc knights.

Vanquished Creatures
  A centaur warrior (D:9)
  3 elephants (Lair:1)
  A gargoyle (D:9)
  2 cane toads
  3 komodo dragons
  A meliai (Lair:2)
  8 blink frogs
  19 yaks
  3 basilisks
  A steam dragon (D:7)
  2 acid dragons
  5 water moccasins
  2 sky beasts (D:8)
  2 black bears
  4 ice beasts
  4 orc warriors
  5 wolves (Lair:1)
  4 centaurs
  2 ogres
  2 phantoms
  6 bullfrogs
  A necrophage (D:5)
  2 scorpions
  11 killer bees
  A howler monkey (D:7)
  7 hounds
  2 jellies
  2 orc priests
  7 orc wizards
  Terence (D:2)
  6 iguanas
  3 gnolls (D:4)
  7 adders
  A white imp (D:6)
  A worm (D:3)
  3 dart slugs
  28 orcs
  6 bats
  8 endoplasms
  5 giant cockroaches
  7 hobgoblins
  12 jackals
  3 quokkas (D:1)
  9 ball pythons
  3 frilled lizards
  5 goblins
  4 kobolds
  3 rats
  A spectral hobgoblin (D:2)
229 creatures vanquished.

Vanquished Creatures (others)
  14 fungi
  5 plants
19 creatures vanquished.

Grand Total: 248 creatures vanquished

Notes
Turn   | Place    | Note
-------+----------+-------------------------------------------
     0 | D:1      | HoaS the Gargoyle Hunter began the quest for the Orb.
     0 | D:1      | Reached XP level 1. HP: 12/12 MP: 1/1
    58 | D:1      | Reached XP level 2. HP: 17/17 MP: 2/2
   272 | D:1      | Reached XP level 3. HP: 21/21 MP: 3/3
   356 | D:1      | Reached skill level 5 in Ranged Weapons
   573 | D:2      | Found a faded altar of an unknown god.
   649 | D:2      | Reached XP level 4. HP: 26/26 MP: 4/4
   655 | D:2      | Noticed Terence
  1050 | D:2      | Killed Terence
  1051 | D:2      | Reached skill level 6 in Ranged Weapons
  1051 | D:2      | Reached XP level 5. HP: 30/30 MP: 5/5
  1796 | D:3      | Reached skill level 7 in Ranged Weapons
  2183 | D:4      | Reached XP level 6. HP: 35/35 MP: 6/6
  2392 | D:4      | Found Iqetsuc's Jewellery Emporium.
  2777 | D:4      | Reached skill level 8 in Ranged Weapons
  2994 | D:5      | Entered Level 5 of the Dungeon
  3184 | D:5      | Reached XP level 7. HP: 40/40 MP: 7/7
  3196 | D:5      | HP: 1/40 [orc priest/divine providence (12)]
  3556 | D:5      | Found a staircase to the Ecumenical Temple.
  3561 | D:5      | Reached skill level 9 in Ranged Weapons
  3564 | Temple   | Entered the Ecumenical Temple
  3683 | Temple   | Became a worshipper of Makhleb the Destroyer
  3788 | D:5      | Found a sparkling altar of Nemelex Xobeh.
  4016 | D:5      | Reached XP level 8. HP: 32/44 MP: 8/8
  4336 | D:6      | Reached skill level 10 in Ranged Weapons
  4778 | D:6      | Found a white marble altar of Elyvilon.
  5013 | D:6      | Found a sacrificial altar of Ru.
  5491 | D:7      | Reached skill level 11 in Ranged Weapons
  5659 | D:7      | Reached XP level 9. HP: 48/48 MP: 9/9
  5663 | D:7      | Reached skill level 12 in Ranged Weapons
  6206 | D:8      | Reached * piety under Makhleb
  6345 | D:8      | Reached skill level 13 in Ranged Weapons
  6404 | D:8      | Found a staircase to the Lair.
  6852 | D:8      | Reached skill level 14 in Ranged Weapons
  7007 | D:9      | Noticed a centaur warrior
  7008 | D:9      | Reached XP level 10. HP: 51/53 MP: 10/10
  7015 | D:9      | Killed a centaur warrior
  7122 | D:9      | Identified the +8 dagger of Vengeance {holy, Fly rC+ rN+}
  7144 | D:9      | Reached skill level 15 in Ranged Weapons
  7283 | D:9      | Found a shadowy altar of Dithmenos.
  7323 | D:9      | Reached ** piety under Makhleb
  7497 | D:9      | Reached skill level 16 in Ranged Weapons
  7810 | D:9      | Noticed a gargoyle
  7897 | D:9      | Killed a gargoyle
  8109 | Lair:1   | Entered Level 1 of the Lair of Beasts
  8300 | Lair:1   | Reached XP level 11. HP: 57/57 MP: 11/11
  8349 | Lair:1   | Reached skill level 17 in Ranged Weapons
  8374 | Lair:1   | Identified a scroll of acquirement
  8374 | Lair:1   | Acquired the ring of Bevias Nism {rC+ Dex+6}
  8918 | Lair:1   | Found a runed translucent door.
  8918 | Lair:1   | Noticed Torious's ghost (journeyman DECj)
  9103 | Lair:2   | Reached skill level 18 in Ranged Weapons
  9367 | Lair:2   | Found a hole to the Spider Nest.
  9741 | Lair:3   | Reached XP level 12. HP: 62/62 MP: 12/12
  9832 | Lair:3   | Found a staircase to the Shoals.
  9887 | Lair:3   | Noticed Nergalle
  9898 | Lair:3   | Slain by a spectral orc knight

Illustrated notes

Levels and vault maps discovered:
D:1:      lemuel_arrival_funnel, layout_rooms
D:2:      layout_rooms, dreamdust_ecumenical_altar_drowned_temple,
          minmay_door_square, uniq_terence
D:3:      layout_loops_corners
D:4:      layout_basic, serial_shops, nicolae_shop_stone, serial_rivers,
          chequers_serial_rivers_room_b, chequers_serial_rivers_micro_b,
          chequers_serial_rivers_micro_c, chequers_serial_rivers_room_a,
          chequers_serial_rivers_micro_c, chequers_serial_rivers_small_3,
          minmay_misc_feat_roman, nicolae_concentric_dashed_squares_mild
D:5:      layout_loops_corners, nicolae_overflow_crystal_walls,
          minmay_temple_entry_mist
D:6:      layout_layer_cave, mainiacjoe_overflow_cross_hatched, elyvilon_altar_5
D:7:      layout_basic, serial_park_tiny_2
D:8:      layout_gridville, grunt_lair_entry_orc_guard_hut
D:9:      layout_basic, nicolae_dithmenos_shadow_blocks
Temple:   nicolae_temple_great_sept
Lair:1:   layout_cave_pods, gammafunk_ghost_grave
Lair:2:   layout_hall_layers, hellmonk_spider_entry_not_the_bees
Lair:3:   layout_layer_cave, elwin_shoals_entry_rocks, lemuel_fruit_fields,
          uniq_nergalle

Skill      XL: |  1  2  3  4  5  6  7  8  9 10 11 |
---------------+----------------------------------+-----
Ranged Weapons | 5 6 7 8 9 11 14 16 18 | 18.8
Fighting       | |  2.1
Dodging        | |  1.5
Stealth        | |  1.1

Action                   |  1- 3 |  4- 6 |  7- 9 | 10-12 || total
-------------------------+-------+-------+-------+-------++-------
 Fire: Shortbow          |   102 |    32 |       |       ||   134
       Longbow           |       |    93 |   185 |   281 ||   559
  Use: Scroll            |     2 |     7 |    12 |     9 ||    30
       Potion            |       |       |       |     3 ||     3
Armor: Leather armour    |    14 |    18 |    21 |       ||    53
       Steam dragon scal |       |       |    12 |    58 ||    70
Dodge: Dodged            |    24 |    25 |    40 |    59 ||   148

Table legend: (Time is in decaauts)
 A = Elapsed time spent in this place.
 B = Non-inter-level travel time spent in this place.
 C = Inter-level travel time spent in this place.
 D = Time resting spent in this place.
 E = Time spent auto-exploring this place.
 F = Levels seen in this place.
 G = Mean time per level.
                   A        B        C        D        E       F      G
               +--------+--------+--------+--------+--------+-----+--------+
         Total |   9963 |   9620 |    343 |   1324 |   6762 |  13 |  766.4 |
       Dungeon |   8076 |   7762 |    314 |   1199 |   5337 |   9 |  897.3 |
        Temple |    129 |    129 |      0 |      0 |     63 |   1 |  129.0 |
          Lair |   1757 |   1729 |     28 |    124 |   1361 |   3 |  585.7 |
               +--------+--------+--------+--------+--------+-----+--------+

Top non-repeatable levels by time:
     D:5: 1185 daAuts
     D:9: 1067 daAuts
     D:6: 1032 daAuts
  Lair:1: 968 daAuts
     D:8: 923 daAuts
     D:4: 898 daAuts
     D:3: 844 daAuts
     D:7: 784 daAuts
     D:2: 711 daAuts
     D:1: 628 daAuts
  Lair:2: 625 daAuts
  Lair:3: 163 daAuts
  Temple: 129 daAuts
